 Dungeon Crawl Stone Soup version 0.29-a0-384-g6960b1960d (console) character file.

Game seed: 16452953032022047064

15 jejorda2 the Slasher (level 2, -3/23 HPs)
             Began as a Merfolk Gladiator on May 7, 2022.
             Slain by a kobold
             ... wielding a +0 whip
              (4 damage)
             ... on level 1 of the Dungeon.
             The game lasted 00:00:58 (119 turns).

jejorda2 the Slasher (Merfolk Gladiator)             Turns: 119, Time: 00:00:58

Health: -3/23      AC:  4    Str: 14    XL:     2   Next: 50%
Magic:  2/2        EV: 13    Int:  7    God:
Gold:   0          SH:  0    Dex: 15    Spells: 1/1 levels left

rFire   . . .      SeeInvis .   a - +0 long sword
rCold   . . .      Faith    .   (no shield)
rNeg    . . .      Spirit   .   b - +0 leather armour
rPois   .          Reflect  .   c - +0 helmet
rElec   .          Harm     .   (no cloak)
rCorr   .          Rampage  .   (no gloves)
Will    .....                   (no boots)
Stlth   +.........              (no amulet)
HPRegen 0.07/turn               (no ring)
MPRegen 0.08/turn               (no ring)

@: no status effects
A: (nimble swimmer 2), mertail
a: no special abilities


You were on level 1 of the Dungeon.
You visited 1 branch of the dungeon, and saw 1 of its levels.

Inventory:

Hand Weapons
 a - a +0 long sword (weapon)
 f - a +0 dagger
Missiles
 d - 2 throwing nets (quivered)
 e - a javelin
Armour
 b - a +0 leather armour (worn)
 c - a +0 helmet (worn)


   Skills:
 + Level 2.5 Fighting
 * Level 4.1 Long Blades
 - Level 2.0 Throwing
 + Level 0.4 Armour
 - Level 4.0 Dodging


You had one spell level left.
You didn't know any spells.
Your spell library was empty.

Dungeon Overview and Level Annotations

Branches:
Dungeon (1/15)

Altars:


Innate Abilities, Weirdness & Mutations

((You are very nimble when in or above water. (Stealth+, EV+, Speed+++)))
Your lower body shifts to a powerful aquatic tail in water.


Message History

No target in view!
Items here: ) †.
f - a +0 dagger HP restored.
A dart slug comes into view.
The dart slug launches a dart at you. The slug dart misses you.
You hit the dart slug.
The dart slug is moderately wounded.
The dart slug bites you.
You slash the dart slug!
You kill the dart slug!
No target in view!
No target in view!
A kobold comes into view. It is wielding a +0 whip.
You see here a dart slug corpse.
A hobgoblin comes into view.
The kobold shouts!
You barely miss the kobold. The hobgoblin closely misses you.
The kobold closely misses you.
The hobgoblin hits you but does no damage.
The kobold closely misses you.
You barely miss the kobold. The hobgoblin barely misses you.
The kobold hits you with a +0 whip.
You barely miss the hobgoblin. The hobgoblin closely misses you.
You hit the hobgoblin.
You kill the hobgoblin!
You closely miss the kobold. The kobold hits you with a +0 whip.
You closely miss the kobold. The kobold hits you with a +0 whip.
The kobold barely misses you.
You barely miss the kobold. The kobold hits you with a +0 whip.
You hit the kobold but do no damage. The kobold barely misses you.
You closely miss the kobold. The kobold hits you with a +0 whip.
* * * LOW HITPOINT WARNING * * *
You barely miss the kobold. The kobold hits you with a +0 whip.
* * * LOW HITPOINT WARNING * * *
You barely miss the kobold. The kobold misses you.
The kobold barely misses you.
You barely miss the kobold. The kobold hits you with a +0 whip.
You die...

....#.#######
#.#.#.......##########+
#.#....................
#.#.#.......#....###
#.#.#.......#.##.#
#.#.#.......#.##.#
#........†....##.#
##..#.......####†#
#)#.........# #@#
.####.......# #K# ##
#.####### #.....#
.###.## #.....# #.#.#
#.....# .#.# ........
#.#.# ######### .###.#
## #..


You could see a kobold.

Vanquished Creatures
  A gnoll (D:1)
  A dart slug (D:1)
  A hobgoblin (D:1)
  A bat (D:1)
  A goblin (D:1)
5 creatures vanquished.

Notes
Turn   | Place    | Note
-------+----------+-------------------------------------------
     0 | D:1      | jejorda2 the Merfolk Gladiator began the quest for the Orb.
     0 | D:1      | Reached XP level 1. HP: 16/16 MP: 1/1
    21 | D:1      | Reached XP level 2. HP: 23/23 MP: 2/2
   117 | D:1      | HP: 1/23 [kobold/+0 whip (5)]
   119 | D:1      | Slain by a kobold

Illustrated notes

Levels and vault maps discovered:
D:1:      minmay_arrival_diagonal_passages, layout_basic,
          ebering_ecumenical_altar_abandoned

Skill      XL: |  1 |
---------------+----+-----
Long Blades    | 4 |  4.1
Fighting       | |  2.5
Throwing       | |  2.0
Armour         | |  0.4
Dodging        | |  4.0

Action                   || total
-------------------------++-------
Melee: Long sword        ||    20
Throw: Javelin           ||     1
       Throwing net      ||     1
Armor: Leather armour    ||     4
Dodge: Dodged            ||    11

Table legend: (Time is in decaauts)
 A = Elapsed time spent in this place.
 B = Non-inter-level travel time spent in this place.
 C = Inter-level travel time spent in this place.
 D = Time resting spent in this place.
 E = Time spent auto-exploring this place.
 F = Levels seen in this place.
 G = Mean time per level.
                   A        B        C        D        E       F      G
               +--------+--------+--------+--------+--------+-----+--------+
         Total |    123 |    123 |      0 |      0 |     70 |   1 |  123.0 |
       Dungeon |    123 |    123 |      0 |      0 |     70 |   1 |  123.0 |
               +--------+--------+--------+--------+--------+-----+--------+

Top non-repeatable levels by time:
     D:1: 123 daAuts
